 Dungeon Crawl Stone Soup version 0.29.0-4-gdea44cf6ec (webtiles) character file.

Game seed: 2809239366125940828

11 qw the Chopper (level 2, 0/17 HPs)
             Began as a Tengu Warper on Aug 28, 2022.
             Slain by a kobold
             ... wielding a +0 club
              (4 damage)
             ... on level 1 of the Dungeon.
             The game lasted 00:00:01 (372 turns).

qw the Chopper (Tengu Warper)                        Turns: 372, Time: 00:00:02

Health: 0/17       AC:  3    Str: 11    XL:     2   Next: 29%
Magic:  6/6        EV: 11    Int: 13    God:
Gold:   10         SH:  0    Dex: 13    Spells: 5/5 levels left

rFire   . . .      SeeInvis .   a - +0 hand axe
rCold   . . .      Faith    .   (no shield)
rNeg    . . .      Spirit   .   b - +0 leather armour
rPois   .          Reflect  .   (helmet restricted)
rElec   .          Harm     .   (no cloak)
rCorr   .          Rampage  .   (no gloves)
Will    .....                   (boots unavailable)
Stlth   +.........              (no amulet)
HPRegen 0.05/turn               (no ring)
MPRegen 0.10/turn               (no ring)

@: no status effects
A: beak, talons 3
a: no special abilities


You were on level 1 of the Dungeon.
You visited 1 branch of the dungeon, and saw 1 of its levels.

You collected 10 gold pieces.


Innate Abilities, Weirdness & Mutations

You have a beak for a mouth.
You have claws for feet.


   Skills:
 - Level 2.0 Fighting
 + Level 3.2 Axes
 - Level 1.0 Throwing
 - Level 1.1 Armour
 - Level 2.1 Dodging
 - Level 2.0 Spellcasting
 - Level 2.4 Translocations


You had 5 spell levels left.
You didn't know any spells.
Your spell library contained the following spells:

 Spells                   Type           Power      Damage    Failure   Level
 Blink                    Tloc           14%        N/A       19%         2
 Gell's Gravitas          Tloc           7%         N/A       36%         3
 Lesser Beckoning         Tloc           7%         N/A       36%         3
 Teleport Other           Tloc           7%         N/A       36%         3
 Manifold Assault         Tloc           7%         N/A       98%         5

Inventory:

Hand Weapons
 a - a +0 hand axe (weapon)
 d - a +0 club
Armour
 b - a +0 leather armour (worn)
Scrolls
 c - a scroll of blinking
 e - a scroll of silence {unknown}

Dungeon Overview and Level Annotations

Branches:
Dungeon (1/15)

Altars:


Message History

You hit the hobgoblin.
You peck the hobgoblin, but do no damage.
The hobgoblin is almost dead.
The hobgoblin hits you but does no damage.
The kobold hits you but does no damage. The hobgoblin hits you.
You barely miss the hobgoblin. Your punch misses the hobgoblin.
The hobgoblin is severely wounded.
You barely miss the kobold. The kobold hits you but does no damage.
You closely miss the hobgoblin.
The hobgoblin is severely wounded.
You hit the hobgoblin. You closely miss the kobold.
The kobold hits you but does no damage. The hobgoblin misses you.
The hobgoblin closely misses you.
You barely miss the hobgoblin.
You claw the hobgoblin, but do no damage.
The hobgoblin is severely wounded.
You closely miss the hobgoblin. You closely miss the kobold.
The kobold hits you but does no damage. The hobgoblin closely misses you.
The hobgoblin hits you.
You barely miss the hobgoblin.
The hobgoblin is severely wounded.
You barely miss the hobgoblin. You miss the kobold.
The kobold hits you but does no damage. The hobgoblin barely misses you. x2
You hit the hobgoblin but do no damage.
The hobgoblin is severely wounded.
You hit the hobgoblin.
You kill the hobgoblin!
You hit the kobold. The kobold hits you with a +0 club.
The hobgoblin hits you but does no damage.
You hit the hobgoblin.
You claw the hobgoblin, but do no damage.
Your peck misses the hobgoblin.
The hobgoblin is almost dead.
You hit the ball python.
You kill the ball python!
You barely miss the kobold. The kobold hits you with a +0 club.
You die...

#...........#
###.........##.###.
#...........# #...#
#.........##.##...#
#.........# #......
####....##.##......
#%...# #.%......
#....###.....#
#.....@%.....#
#.....gK.....#
#............#
#............#
#..............
#....##...##....
#....##...# ....
.....##...# ..


You could see a hobgoblin and a kobold.

Vanquished Creatures
  2 endoplasms (D:1)
  A giant cockroach (D:1)
  2 hobgoblins (D:1)
  2 ball pythons (D:1)
  3 frilled lizards (D:1)
  A kobold (D:1)
  2 rats (D:1)
13 creatures vanquished.

Notes
Turn   | Place    | Note
-------+----------+-------------------------------------------
     0 | D:1      | qw the Tengu Warper began the quest for the Orb.
     0 | D:1      | Reached XP level 1. HP: 12/12 MP: 4/4
     0 | D:1      | 0 ||| qw: Version: 0.1-a-89-g26bdef1
     0 | D:1      | 0 ||| qw: Game counter: 2440
     0 | D:1      | 0 ||| qw: Always use a shield: true
     0 | D:1      | 0 ||| qw: God list: Okawaru
     0 | D:1      | 0 ||| qw: Allow faded altars: false
     0 | D:1      | 0 ||| qw: Do Orc after D:15 true
     0 | D:1      | 0 ||| qw: Do second Lair branch before Depths: true
     0 | D:1      | 0 ||| qw: Lair rune preference: random
     0 | D:1      | 0 ||| qw: Plans: Normal
     0 | D:1      | 0 ||| PLANNING D:1-11
    95 | D:1      | Reached XP level 2. HP: 6/17 MP: 6/6
   340 | D:1      | Reached skill level 3 in Axes
   362 | D:1      | 362 ||| Stepping ~*~*~tactically~*~*~ (stealth).
   363 | D:1      | 363 ||| Stepping ~*~*~tactically~*~*~ (stealth).
   371 | D:1      | HP: 4/17 [kobold/+0 club (4)]
   372 | D:1      | Slain by a kobold

Levels and vault maps discovered:
D:1:      onia_arrival_mini_maze, layout_basic, minmay_liquid_box, minmay_vboxes

Skill      XL: |  1  2 |
---------------+-------+-----
Axes           | 3 |  3.2
Fighting       | |  2.0
Throwing       | |  1.0
Armour         | |  1.1
Dodging        | |  2.1
Spellcasting   | |  2.0
Translocations | |  2.4

Action                   || total
-------------------------++-------
Melee: Hand axe          ||    27
       Kick              ||     4
       Peck              ||     4
Throw: Boomerang         ||     7
Armor: Leather armour    ||    11
Dodge: Dodged            ||    17

Table legend:
 A = Non-vault XP
 B = Vault XP
 C = Vault XP percentage of total XP
 D = Non-vault monster count
 E = Vault monster count
 F = Vault count percentage of total count
                 A         B        C        D         E       F
            +---------+---------+-------+---------+---------+-------
      Total |      11 |       8 |  42.1 |       7 |       6 |  46.2
            +---------+---------+-------+---------+---------+-------
        D:1 |      11 |       8 |  42.1 |       7 |       6 |  46.2
            +---------+---------+-------+---------+---------+-------
